 Dungeon Crawl Stone Soup version 0.27.1-15-g792fb953b9 (webtiles) character file.

Game seed: 954460401847275368

2779 spaced the Magician (level 9, -9/62 HPs)
             Began as a Demonspawn Fire Elementalist on Nov 19, 2021.
             Was an Initiate of Ashenzari.
             Mangled by an orc warrior (18 damage)
             ... on level 8 of the Dungeon on Nov 20, 2021.
             The game lasted 01:17:51 (9434 turns).

spaced the Magician (Demonspawn Fire Elementalist)  Turns: 9434, Time: 01:17:51

Health: -9/62      AC:  6    Str: 10    XL:     9   Next: 42%
Magic:  14/27      EV: 14    Int: 18    God:    Ashenzari [......]
Gold:   362        SH:  0    Dex: 20    Spells: 2/21 levels left

rFire    . . .     SeeInvis .   q - +1 spear (vorpal)
rCold    . . .     Faith    .   (no shield)
rNeg     . . .     Spirit   .   a - +2 robe
rPois    .         Reflect  .   G - +0 helmet
rElec    .         Harm     .   (no cloak)
rCorr    .         Rampage  .   E - +0 pair of gloves
Will     .....     Rnd*Rage +   (no boots)
Stlth    +++.......             (no amulet)
HPRegen  0.20/turn              o - +6 ring of dexterity
MPRegen  0.20/turn              y - ring of magical power

@: no status effects
A: claws 2, spiny 1, berserk 1, subdued magic 1, MP-powered wands
a: Renounce Religion, Curse Item


You were on level 8 of the Dungeon.
You worshipped Ashenzari.
Ashenzari was noncommittal.
You visited 2 branches of the dungeon, and saw 9 of its levels.

You collected 362 gold pieces.

Inventory:

Hand Weapons
 b - a +0 war axe
 c - a +2 short sword of holy wrath
 j - a +0 short sword of protection
 q - a +1 vorpal spear (weapon)
Missiles
 k - 7 atropa-tipped darts
Armour
 a - a +2 robe (worn)
 E - a +0 pair of gloves (worn)
 G - a +0 helmet (worn)
Magical Staves
 v - a staff of poison
 w - a staff of air
Jewellery
 f - the ring of Generosity {Fire MP-9 Str+4 Int+4 SInv}
   (You found it on level 7 of the Dungeon)

   [ring of fire]

   It enhances your fire magic.
   Str:       It affects your strength (+4).
   Int:       It affects your intelligence (+4).
   rF:        It protects you from fire.
   rC:        It makes you vulnerable to cold.
   MP:        It affects your magic capacity (-9).
   SInv:      It lets you see invisible.
 o - a +6 ring of dexterity (left hand)
 t - a ring of willpower
 y - a ring of magical power (right hand)
 B - a +6 ring of strength
 D - a ring of resist corrosion
Wands
 s - a wand of flame (40)
Scrolls
 d - a scroll of identify
 e - a scroll of fear
 i - a scroll of fog
 m - a scroll of amnesia
 n - a scroll of summoning
 p - 5 scrolls of teleportation
 r - a scroll of acquirement
 A - 2 scrolls of vulnerability
 C - a scroll of torment
 H - a scroll of blinking
 I - a scroll of silence
Potions
 g - a potion of attraction
 l - a potion of flight
 u - 2 potions of might
 x - 2 potions of lignification
 z - a potion of degeneration
 F - a potion of resistance


   Skills:
 + Level 2.4 Fighting
 + Level 2.9 Short Blades
 + Level 0.2 Axes
 + Level 3.8 Dodging
 + Level 3.7 Stealth
 + Level 6.6 Spellcasting
 + Level 6.0 Conjurations
 + Level 0.1 Hexes
 + Level 0.2 Summonings
 + Level 6.1 Fire Magic
 + Level 0.4 Evocations


You had 2 spell levels left.
You knew the following spells:

 Your Spells              Type           Power      Damage    Failure   Level
a - Foxfire               Conj/Fire      84%        2x1d8     1%          1
b - Conjure Flame         Conj/Fire      21%        6-21      1%          3
c - Sticky Flame          Conj/Fire      21%        2d4       8%          4
d - Inner Flame           Hex/Fire       13%        N/A       8%          3
e - Call Canine Familiar  Summ           5%         N/A       26%         3
f - Slow                  Hex            4%         N/A       13%         2
g - Summon Guardian Gole  Hex/Summ       5%         N/A       28%         3

Your spell library contained the following spells:

 Spells                   Type           Power      Damage    Failure   Level
 Summon Small Mammal      Summ           20%        N/A       9%          1
 Apportation              Tloc           8%         N/A       10%         1
 Fireball                 Conj/Fire      10%        3d6       22%         5
 Confusing Touch          Hex            4%         N/A       28%         3
 Alistair's Intoxication  Tmut/Pois      2%         N/A       96%         5
 Yara's Violent Unravell  Hex/Tmut       2%         3d3       96%         5
 Invisibility             Hex            2%         N/A       100%        6
 Malign Gateway           Summ/Tloc      2%         N/A       100%        7
 Summon Horrible Things   Summ           2%         N/A       100%        8


Dungeon Overview and Level Annotations

Branches:
Dungeon (8/15)             Temple (1/1) D:7
   Lair: D:8-11

Altars:
Ashenzari
Cheibriados
Dithmenos
Elyvilon
Fedhas
Kikubaaqudgha
Makhleb
Nemelex Xobeh
Okawaru
Ru
Trog
Uskayaw
Wu Jian
Yredelemnul
Zin

Shops:
D:4 *

Annotations:
D:6 azzazzello's ghost, novice GnWn


Innate Abilities, Weirdness & Mutations

You have very sharp fingernails.
You are partially covered in sharp spines.
You tend to lose your temper in combat.
Your spells are a little easier to cast, but a little less powerful.
You expend magic power (3 MP) to strengthen your wands.


Message History

Confirm with . or Enter, or press ? or * to list all spells.
You conjure some foxfire!
The orc warrior closely misses you.
You barely miss the orc warrior.
The orc warrior is heavily wounded.
The foxfire hits the orc warrior.
The orc warrior is heavily wounded.
The foxfire hits the orc warrior.
The orc warrior is severely wounded.
The orc warrior barely misses you.
Casting: Foxfire (safe; 1% risk of failure)
Confirm with . or Enter, or press ? or * to list all spells.
You conjure some foxfire!
The orc warrior hits you with a +0 dire flail.
You barely miss the orc warrior.
The orc warrior is severely wounded.
The foxfire hits the orc warrior.
The orc warrior is severely wounded.
The foxfire hits the orc warrior.
The orc warrior is almost dead.
The orc warrior hits you with a +0 dire flail.
Casting: Foxfire (safe; 1% risk of failure)
Confirm with . or Enter, or press ? or * to list all spells.
You conjure some foxfire!
The orc warrior hits you with a +0 dire flail!!
* * * LOW HITPOINT WARNING * * *
The foxfire hits the orc warrior.
The orc warrior is almost dead.
The foxfire hits the orc warrior but does no damage.
The orc warrior is almost dead.
Casting: Foxfire (safe; 1% risk of failure)
Confirm with . or Enter, or press ? or * to list all spells.
You conjure some foxfire!
The orc warrior completely misses you.
Your foxfire dissipates!
The foxfire hits the orc warrior but does no damage.
The orc warrior is almost dead.
Casting: Foxfire (safe; 1% risk of failure)
Confirm with . or Enter, or press ? or * to list all spells.
You conjure some foxfire!
The orc warrior hits you with a +0 dire flail!!
You die...

...........####....####
............##.#......#
........#...........## .
#...................##..
##..)...................
.##.......................
..........................
................<.........
..#............o@v........
.##.............§v........
...)......................
.....).†.)..............##
#)........##...........##
.#.....#?.##............#
........#.#............##
.....................#.#
............(........###


You could see an orc warrior (ally target).

Vanquished Creatures
  Grinder (D:6)
  A water moccasin (D:8)
  An orc warrior (D:5)
  A hornet zombie (D:6)
  5 ice beasts
  A black bear (D:7)
  4 ogres
  3 necrophages
  A centaur (D:8)
  A phantom (D:6)
  2 bullfrogs
  3 scorpions
  A water moccasin skeleton (D:5)
  A howler monkey (D:6)
  A bullfrog zombie (D:6)
  A centaur zombie (D:7)
  2 bullfrog skeletons (D:7)
  2 hounds
  An orc priest (D:5)
  A centaur skeleton (D:6)
  An iguana (D:5)
  4 orc wizards
  2 killer bee zombies
  A centaur simulacrum (D:7)
  A bullfrog simulacrum (D:7)
  7 adders
  3 white imps
  A howler monkey simulacrum (D:7)
  2 ufetubi
  A worm (D:2)
  A dart slug (D:5)
  15 orcs
  7 ball pythons
  6 endoplasms
  7 giant cockroaches
  7 goblins
  8 hobgoblins
  10 jackals
  4 quokkas
  7 bats
  3 frilled lizards
  4 kobolds
  A quokka skeleton (D:4)
  4 rats
141 creatures vanquished.

Vanquished Creatures (others)
  466 foxfires
  8 plants (D:1)
  12 withered plants (D:1)
486 creatures vanquished.

Grand Total: 627 creatures vanquished

Notes
Turn   | Place    | Note
-------+----------+-------------------------------------------
     0 | D:1      | spaced the Demonspawn Fire Elementalist began the quest for
                  | the Orb.
     0 | D:1      | Reached XP level 1. HP: 13/13 MP: 3/3
   414 | D:1      | Gained mutation: You have sharp fingernails. [demonic
                  | ancestry]
   414 | D:1      | Reached XP level 2. HP: 19/19 MP: 1/5
   856 | D:1      | Reached XP level 3. HP: 24/24 MP: 3/6
   983 | D:1      | Found a faded altar of an unknown god.
  2111 | D:2      | Gained mutation: You are partially covered in sharp spines.
                  | [demonic ancestry]
  2111 | D:2      | Reached XP level 4. HP: 19/30 MP: 3/7
  2924 | D:3      | Learned a level 3 spell: Conjure Flame
  3617 | D:4      | Found Gola's Overcharged Wands.
  3667 | D:4      | Reached XP level 5. HP: 35/35 MP: 5/9
  4073 | D:4      | Noticed an ogre
  4085 | D:4      | Killed an ogre
  4086 | D:4      | Reached XP level 6. HP: 35/42 MP: 5/10
  4091 | D:4      | Learned a level 4 spell: Sticky Flame
  4550 | D:4      | Reached skill level 1 in Short Blades
  4678 | D:5      | Entered Level 5 of the Dungeon
  4742 | D:5      | Learned a level 3 spell: Inner Flame
  4862 | D:5      | Reached skill level 1 in Fighting
  4862 | D:5      | Reached XP level 7. HP: 41/48 MP: 5/12
  5722 | D:6      | Learned a level 3 spell: Call Canine Familiar
  5806 | D:6      | Gained mutation: You have very sharp fingernails. [demonic
                  | ancestry]
  5806 | D:6      | Reached XP level 8. HP: 56/56 MP: 14/14
  5842 | D:6      | Noticed Grinder
  5863 | D:6      | Killed Grinder
  5864 | D:6      | Reached skill level 5 in Fire Magic
  6322 | D:6      | Reached skill level 5 in Spellcasting
  6513 | D:6      | Reached skill level 5 in Conjurations
  7198 | D:7      | Found a staircase to the Ecumenical Temple.
  7223 | Temple   | Entered the Ecumenical Temple
  7295 | Temple   | Became a worshipper of Ashenzari the Shackled
  7295 | Temple   | Identified a scroll of acquirement
  7357 | D:7      | Found a runed translucent gate.
  7357 | D:7      | Found a runed translucent gate.
  7357 | D:7      | Found a runed translucent gate.
  7360 | D:7      | Gained mutation: You are strong-willed. (Will+) [potion of
                  | mutation]
  7360 | D:7      | Gained mutation: You tend to lose your temper in combat.
                  | [potion of mutation]
  7360 | D:7      | Gained mutation: You are partially covered in iridescent
                  | scales. (AC +2) [potion of mutation]
  7361 | D:7      | Lost mutation: You are partially covered in iridescent
                  | scales. (AC +2) [potion of mutation]
  7361 | D:7      | Lost mutation: You are strong-willed. (Will+) [potion of
                  | mutation]
  7361 | D:7      | Gained mutation: Your spells are a little easier to cast,
                  | but a little less powerful. [potion of mutation]
  7361 | D:7      | Gained mutation: You expend magic power (3 MP) to
                  | strengthen your wands. [potion of mutation]
  7505 | D:7      | Learned a level 2 spell: Slow
  7569 | D:7      | Reached XP level 9. HP: 61/62 MP: 18/18
  7907 | D:7      | Noticed azzazzello's ghost (novice GnWn)
  7908 | D:7      | Identified the ring of Generosity {Fire MP-9 Str+4 Int+4
                  | SInv}
  7945 | D:7      | HP: 1/62 [azzazzello's ghost (5)]
  8489 | D:6      | Learned a level 3 spell: Summon Guardian Golem
  9434 | D:8      | Mangled by an orc warrior

Illustrated notes

Levels and vault maps discovered:
D:1:      scummos_arrival_star, layout_basic,
          shapermc_ecumenical_altar_flowoftime, minmay_tetromino_o2
D:2:      layout_loops_ring, kennysheep_cross_room, solitary_fountain
D:3:      layout_loops_ring
D:4:      layout_loops_cross, nicolae_shop_overcharged_wands
D:5:      layout_rooms, st_stairs_11, guppyfry_early_orc_mine
D:6:      layout_basic, old_standard_altar, uniq_grinder
D:7:      layout_layer_cave, minmay_temple_entry_drinking_statues,
          gammafunk_ghost_icy, enter_bailey_2, minmay_misc_feat_rugged
D:8:      layout_layer_cave
Temple:   regret_index_temple_sigil_plot

Skill      XL: |  1  2  3  4  5  6  7  8  9 |
---------------+----------------------------+-----
Fire Magic     | 3 4 5 6 |  6.1
Dodging        | 2 3 |  3.8
Stealth        | 2 3 |  3.7
Conjurations   | 2 3 5 6 |  6.0
Spellcasting   | 3 4 6 |  6.6
Short Blades   | 1 2 |  2.9
Fighting       | 1 2 |  2.4
Axes           | |  0.2
Hexes          | |  0.1
Summonings     | |  0.2
Evocations     | |  0.4

Action                   |  1- 3 |  4- 6 |  7- 9 || total
-------------------------+-------+-------+-------++-------
Melee: War axe           |    48 |       |       ||    48
       Unarmed           |     2 |       |       ||     2
       Short sword       |    15 |    40 |    87 ||   142
       Spear             |       |       |    10 ||    10
 Cast: Foxfire           |    63 |    65 |   158 ||   286
       Conjure Flame     |       |       |    16 ||    16
       Sticky Flame      |       |       |     4 ||     4
       Inner Flame       |       |       |     1 ||     1
       Slow              |       |       |     2 ||     2
       Call Canine Famil |       |       |     2 ||     2
Evoke: Wand              |       |       |     4 ||     4
  Use: Scroll            |     2 |     3 |     7 ||    12
       Potion            |       |       |    13 ||    13
 Stab: Sleeping          |       |     1 |       ||     1
Armor: Robe              |     7 |    12 |    46 ||    65
Dodge: Dodged            |    27 |    35 |    86 ||   148
